 Dungeon Crawl Stone Soup version 0.29-a0-91-gdebf4667c2 (webtiles) character file.

Game seed: 267283019975664702

72 lordive the Bolt Thrower (level 4, 0/27 HPs)
             Began as a Kobold Hunter on Feb 7, 2022.
             Succumbed to a kobold brigand's poison
             ... in a sewer.
             The game lasted 00:03:00 (3680 turns).

lordive the Bolt Thrower (Kobold Hunter)            Turns: 3680, Time: 00:03:01

Health: 0/27       AC:  4    Str:  9    XL:     4   Next: 48%
Magic:  4/4        EV: 14    Int: 14    God:
Gold:   56         SH:  0    Dex: 15    Spells: 3/3 levels left

rFire   . . .      SeeInvis .   a - +1 hand crossbow
rCold   . . .      Faith    .   (no shield)
rNeg    . . .      Spirit   .   c - +0 leather armour
rPois   .          Reflect  .   j - +0 helmet
rElec   .          Harm     .   (no cloak)
rCorr   .          Rampage  .   (no gloves)
Will    .....                   (no boots)
Stlth   +++.......              (no amulet)
HPRegen 0.09/turn               (no ring)
MPRegen 0.09/turn               (no ring)

@: lethally poisoned (0 -> -14)
A: small, no large weapons, nightstalker 3
a: no special abilities


You were in a sewer.
You visited 1 branch of the dungeon, and saw 3 of its levels.
You also visited: Sewer.

You collected 56 gold pieces.

Inventory:

Hand Weapons
 a - a +1 hand crossbow (weapon)
 b - a +0 short sword
Missiles
 d - 6 bolts (quivered ammo)
Armour
 c - a +0 leather armour (worn)
 j - a +0 helmet (worn)
Wands
 k - a wand of iceblast (6)
Scrolls
 e - 2 scrolls of identify {unknown}
 f - a scroll of amnesia {unknown}
 h - a scroll of teleportation {unknown}
Potions
 g - 3 potions of curing {unknown}
 i - a potion of brilliance {unknown}
 l - a potion of lignification {unknown}


   Skills:
 + Level 2.6 Fighting
 + Level 2.0 Short Blades
 + Level 5.3 Crossbows
 + Level 1.0 Armour
 + Level 2.7 Dodging
 + Level 2.7 Stealth


You had 3 spell levels left.
You didn't know any spells.
Your spell library contained the following spells:

 Spells                   Type           Power      Damage    Failure   Level
 Apportation              Tloc           0%         N/A       36%         1
 Alistair's Intoxication  Tmut/Pois      0%         N/A       100%        5


Dungeon Overview and Level Annotations

Branches:
Dungeon (3/15)              Sewer (1/1)

Altars:
Nemelex Xobeh


Innate Abilities, Weirdness & Mutations

You are small and have problems with some larger weapons.
You are completely attuned to the shadows.


Message History

You shoot a bolt. The bolt hits the kobold brigand!
The kobold brigand is almost dead.
You hear a splash.
The kobold brigand hits you but does no damage.
You shoot a bolt.
The bolt hits the kobold brigand but does no damage.
The kobold brigand is almost dead.
You hear a splash.
The kobold brigand hits you with a +0 whip of venom.
You are poisoned.
You shoot a bolt.
The bolt closely misses the kobold brigand.
You hear a splash.
You feel very sick.
The kobold brigand hits you with a +0 whip of venom.
You are lethally poisoned!
You shoot a bolt.
The bolt barely misses the kobold brigand.
You hear a splash.
You feel extremely sick.
The kobold brigand completely misses you.
The kobold brigand splashes around in the water.
You are too injured to fight recklessly!
Unknown command.
Fire: 8 bolts
Press: ? - help, Q - select action, (/) - cycle Shift-Dir - straight line, f/p - kobold brigand
Aim: a kobold brigand, wielding a +0 whip of venom and quivering poisoned darts (almost dead, 60% to hit)
You shoot a bolt.
The bolt closely misses the kobold brigand.
You hear a splash.
* * * LOW HITPOINT WARNING * * *
You feel very sick.
The kobold brigand splashes around in the water.
Fire: 7 bolts
Press: ? - help, Q - select action, (/) - cycle Shift-Dir - straight line, f/p - kobold brigand
Aim: a kobold brigand, wielding a +0 whip of venom and quivering poisoned darts (almost dead, 60% to hit)
You shoot a bolt. The bolt hits the kobold brigand.
You kill the kobold brigand!
You hear a splash. x3
You die...

###
#.#(#
#≈#(#
#)#(#
#≈#)#
#.@≈#≈≈≈
##≈###≈#
#≈# #≈#
#≈###≈#
#≈≈≈.≈#
##≈≈≈##
#≈.≈#
#≈≈≈#
##.≈≈#


There were no monsters in sight!

Vanquished Creatures
  A kobold brigand (Sewer)
  2 worms
  A dart slug (D:1)
  8 ball pythons
  6 endoplasms
  4 giant cockroaches (D:1)
  3 goblins
  2 hobgoblins
  4 jackals (D:1)
  4 kobolds
  4 quokkas
  7 bats
  3 frilled lizards (D:1)
  7 rats
56 creatures vanquished.

Notes
Turn   | Place    | Note
-------+----------+-------------------------------------------
     0 | D:1      | lordive the Kobold Hunter began the quest for the Orb.
     0 | D:1      | Reached XP level 1. HP: 12/12 MP: 1/1
    17 | D:1      | Reached skill level 5 in Crossbows
   207 | D:1      | Reached XP level 2. HP: 17/17 MP: 2/2
   650 | D:1      | Reached XP level 3. HP: 16/21 MP: 3/3
   733 | D:1      | Reached skill level 1 in Short Blades
  1973 | D:2      | Reached XP level 4. HP: 7/27 MP: 4/4
  2249 | D:2      | Found a sparkling altar of Nemelex Xobeh.
  2361 | D:2      | Found a faded altar of an unknown god.
  3448 | D:3      | Reached skill level 1 in Armour
  3457 | D:3      | Found a glowing drain.
  3520 | Sewer    | Entered a sewer
  3648 | Sewer    | Noticed a kobold brigand
  3680 | Sewer    | Killed a kobold brigand
  3680 | Sewer    | Succumbed to a kobold brigand's poison

Illustrated notes

Levels and vault maps discovered:
D:1:      doesnt_arrival_eight_statues, layout_loops_corners
D:2:      layout_loops_ring, serial_forest, infiniplex_forest_lined_2,
          infiniplex_forest_zigzag_1, infiniplex_forest_lined_2,
          infiniplex_forest_straight_5, infiniplex_forest_lined_3_way,
          infiniplex_forest_clump_diagonal, infiniplex_forest_lined_room_3,
          basic_altar, hellmonk_ecumenical_altar_pennies_from_heaven,
          nicolae_figureground_sparkle
D:3:      layout_basic, portal_sewer_entry_a, minmay_vboxes, uniq_sigmund
Sewer:    sewer_co_tree

Skill      XL: |  1  2  3  4 |
---------------+-------------+-----
Crossbows      | 5 |  5.3
Stealth        | 2 |  2.7
Short Blades   | 1 2 |  2.0
Armour         | 1 |  1.0
Fighting       | |  2.6
Dodging        | |  2.7

Action                   |  1- 3 |  4- 6 || total
-------------------------+-------+-------++-------
Melee: Short sword       |   123 |    71 ||   194
       Punch             |     1 |     1 ||     2
 Fire: Hand crossbow     |     4 |    18 ||    22
 Stab: Sleeping          |    17 |     6 ||    23
Armor: Leather armour    |    25 |    14 ||    39
Dodge: Dodged            |    67 |    46 ||   113

Table legend: (Time is in decaauts)
 A = Elapsed time spent in this place.
 B = Non-inter-level travel time spent in this place.
 C = Inter-level travel time spent in this place.
 D = Time resting spent in this place.
 E = Time spent auto-exploring this place.
 F = Levels seen in this place.
 G = Mean time per level.
                   A        B        C        D        E       F      G
               +--------+--------+--------+--------+--------+-----+--------+
         Total |   3707 |   3600 |    107 |     24 |   3096 |   4 |  926.8 |
       Dungeon |   3533 |   3426 |    107 |     24 |   2961 |   3 | 1177.7 |
         Sewer |    174 |    174 |      0 |      0 |    135 |   1 |  174.0 |
               +--------+--------+--------+--------+--------+-----+--------+

Top non-repeatable levels by time:
     D:1: 1934 daAuts
     D:2: 1343 daAuts
     D:3: 255 daAuts
   Sewer: 174 daAuts
